 Dungeon Crawl Stone Soup version 0.31-a0-924-ge39a22a033 (webtiles) character file.

Game seed: 9597198515361398396

5181 Roikka the Grappler (level 10, -10/104 HPs)
             Began as a Troll Fighter on Oct 18, 2023.
             Was a Follower of Qazlal.
             Killed from afar by an electric eel (13 damage)
             ... with a bolt of electricity
             ... on level 7 of the Dungeon.
             The game lasted 00:24:13 (6438 turns).

Roikka the Grappler (Troll Fighter)                 Turns: 6438, Time: 00:24:14

Health: -10/104    AC:  5    Str: 36    XL:     10   Next: 34%
Magic:  9/9        EV:  9    Int:  4    God:    Qazlal [*.....]
Gold:   284        SH: 16    Dex:  9    Spells: 9/9 levels left

rFire   . .          .
                       - Unarmed
rCold   + + .        b - +0 kite shield
rNeg    . . .        w - +0 robe {rC+}
rPois   .            (helmet restricted)
rElec   .            D - +0 cloak
rCorr   .            (gloves unavailable)
SInv    .            (boots unavailable)
Will    .....        l - amulet of reflection
Stlth   +            d - +6 ring of strength
HPRegen 1.17/turn    E - ring of protection from cold
MPRegen 0.11/turn

%: reflection
@: no status effects
A: large, unfitting armour, claws 3, regeneration 1, shaggy fur 1, tough skin 1
a: Renounce Religion


You were on level 7 of the Dungeon.
You worshipped Qazlal.
Qazlal was aware of your devotion.
You visited 2 branches of the dungeon, and saw 8 of its levels.

You collected 414 gold pieces.
You spent 130 gold pieces at shops.

Inventory:

Missiles
 i - 27 poisoned darts
 p - 7 boomerangs (quivered)
 v - 2 throwing nets
Armour
 a - a +0 robe
 b - a +0 kite shield (worn)
 w - a +0 robe of cold resistance (worn)
 D - a +0 cloak (worn)
Jewellery
 d - a +6 ring of strength (left claw)
 h - a ring of fire
 k - a +6 ring of intelligence
 l - an amulet of reflection (around neck)
 s - a ring of fire
 A - a ring of ice
 E - a ring of protection from cold (right claw)
Wands
 o - a wand of light (14)
 u - a wand of flame (19)
Scrolls
 j - 6 scrolls of identify
 q - 4 scrolls of teleportation
 t - 2 scrolls of torment {unknown}
 y - 2 scrolls of noise {unknown}
 B - a scroll of revelation
Potions
 c - 2 potions of enlightenment {unknown}
 e - 4 potions of curing
 f - a potion of ambrosia {unknown}
 g - 3 potions of haste {unknown}
 m - 2 potions of might
 n - a potion of magic {unknown}
 r - 3 potions of brilliance {unknown}
 x - a potion of invisibility {unknown}
 z - a potion of heal wounds


   Skills:
 + Level 8.0 Fighting
 - Level 2.4 Dodging
 + Level 8.6 Shields
 + Level 9.1 Unarmed Combat


You had 9 spell levels left.
You didn't know any spells.
Your spell library contained the following spells:

 Spells                   Type           Power      Damage    Failure   Level
 Summon Small Mammal      Summ           0%         N/A       65%         1
 Ensorcelled Hibernation  Hex/Ice        0%         N/A       78%         2
 Passwall                 Tmut/Erth      0%         N/A       78%         2
 Call Canine Familiar     Summ           0%         N/A       95%         3
 Summon Guardian Golem    Hex/Summ       0%         N/A       95%         3
 Swiftness                Air            0%         N/A       95%         3


Dungeon Overview and Level Annotations

Branches:
Dungeon (7/15)             Temple (1/1) D:6

Altars:
Ashenzari
Cheibriados
Elyvilon
Gozag
Hepliaklqana
Makhleb
Nemelex Xobeh
Okawaru
Qazlal
Ru
Sif Muna
Uskayaw
Vehumet
Xom
Yredelemnul
The Shining One

Shops:
D:1 !   D:3 ?   D:5 :


Innate Abilities, Weirdness & Mutations

You are too large for most types of armour.
You have claws for hands.
Your natural rate of healing is unusually fast.
You are covered in fur. (AC +1)
You have tough skin. (AC +1)


Message History

The boomerang closely misses the electric eel.
The electric eel shoots out a bolt of lightning at you!
The bolt of electricity hits you!
Throw: 7 boomerangs
Press: ? - help, Q - select action, (/) - cycle Shift-Dir - straight line, f - electric eel
Aim: an electric eel (lightly wounded, 35% to hit)
You throw a boomerang.
The boomerang closely misses the electric eel.
The electric eel shoots out a bolt of lightning at you!
The bolt of electricity hits you!
The electric eel shoots out a bolt of lightning at you!
The bolt of electricity hits the electric eel.
The electric eel completely resists.
The bolt of electricity hits you!
The electric eel shoots out a bolt of lightning at you!
The bolt of electricity hits you! x2
* * * LOW HITPOINT WARNING * * *
The electric eel shoots out a bolt of lightning at you!
The bolt of electricity hits the electric eel.
The electric eel completely resists.
The bolt of electricity hits you!
* * * LOW HITPOINT WARNING * * *
You feel much better.
The electric eel shoots out a bolt of lightning at you!
The bolt of electricity hits you!
* * * LOW HITPOINT WARNING * * *
The bolt of electricity hits you!
* * * LOW HITPOINT WARNING * * *
The electric eel shoots out a bolt of lightning at you!
The bolt of electricity hits the electric eel.
The electric eel completely resists.
The bolt of electricity hits you!
* * * LOW HITPOINT WARNING * * *
The electric eel shoots out a bolt of lightning at you!
The bolt of electricity misses the electric eel.
The bolt of electricity hits you!
* * * LOW HITPOINT WARNING * * *
The electric eel shoots out a bolt of lightning at you!
The bolt of electricity hits you!
* * * LOW HITPOINT WARNING * * *
The electric eel shoots out a bolt of lightning at you!
The bolt of electricity hits you!
You die...

........#.# #.#
#.#... .###.##.#.#
##.#######.##.# .#
#).....#
####..........##.#
.# ####.###
#....###########.#
........# #.####
#.# ######### #.#
#.# #.# ### #.####
#@#~≈### #...~~≈#
#.$...S~~S~
#.......~~.
###~.......
#≈~~.....
###≈~~..~ ##~~~~
####


You could see an electric eel.

Vanquished Creatures
  Joseph (D:7)
  The ghost of Talonman3 the Magician, a novice DjFE (D:5)
  The ghost of Jannitor the Ruffian, an amateur TrGl (D:5)
  The ghost of Heedrag the Digger, a novice GrEE (D:5)
  A raiju (D:7)
  Grinder (D:3)
  Sigmund (D:5)
  6 yaks
  Edmund (D:5)
  Menkaure (D:5)
  2 water moccasins (D:6)
  A sky beast (D:6)
  3 black bears
  A centaur (D:7)
  3 bullfrogs (D:6)
  2 scorpions
  4 wights (D:7)
  9 electric eels
  2 jellies (D:5)
  Crazy Yiuf (D:6)
  4 hounds
  6 orc priests
  Jessica (D:3)
  3 sleepcaps
  6 iguanas
  Natasha (thrice) (D:2)
  2 orc wizards (D:5)
  Robin (D:2)
  3 adders
  12 gnolls
  A shadow imp (D:6)
  2 white imps (D:6)
  2 ufetubi (D:6)
  8 worms
  The ghost of Beaer the Sneak, a weakling OpDe (D:4)
  2 dart slugs
  The ghost of wpisznazwe the Sneak, a weakling VSDe (D:4)
  30 orcs
  7 bats
  4 endoplasms
  5 giant cockroaches
  11 goblins
  10 hobgoblins
  3 quokkas
  4 ball pythons
  2 frilled lizards (D:1)
  3 kobolds
  2 rats (D:1)
182 creatures vanquished.

Notes
Turn   | Place    | Note
-------+----------+-------------------------------------------
     0 | D:1      | Roikka the Troll Fighter began the quest for the Orb.
     0 | D:1      | Reached XP level 1. HP: 22/22 MP: 0/0
   261 | D:1      | Reached XP level 2. HP: 29/29 MP: 1/1
   751 | D:1      | Found Ybeto's Distillery.
   959 | D:2      | Noticed Robin
   997 | D:1      | Reached XP level 3. HP: 33/35 MP: 2/2
  1016 | D:2      | Killed Robin
  1481 | D:2      | Noticed Natasha
  1491 | D:2      | Killed Natasha
  1492 | D:2      | Reached skill level 3 in Unarmed Combat
  1492 | D:2      | Reached XP level 4. HP: 38/45 MP: 3/3
  1708 | D:2      | Noticed Natasha
  1715 | D:2      | Killed Natasha
  2137 | D:2      | Reached XP level 5. HP: 41/53 MP: 4/4
  2345 | D:2      | Noticed Natasha
  2351 | D:2      | Killed Natasha
  2401 | D:3      | Found Iluu's Magic Scroll Shoppe.
  2435 | D:3      | Bought a scroll of identify for 20 gold pieces
  2435 | D:3      | Bought a scroll of teleportation for 30 gold pieces
  2571 | D:1      | Bought a potion of heal wounds for 50 gold pieces
  2571 | D:1      | Bought a potion of curing for 30 gold pieces
  2657 | D:3      | Found a broken altar of Ashenzari.
  2941 | D:3      | Noticed Jessica
  2942 | D:3      | Noticed Grinder
  2965 | D:3      | Killed Jessica
  2978 | D:3      | Paralysed by Grinder for 3 turns
  2982 | D:3      | Killed Grinder
  2983 | D:3      | Reached skill level 4 in Unarmed Combat
  2983 | D:3      | Reached XP level 6. HP: 44/62 MP: 5/5
  3367 | D:4      | Reached XP level 7. HP: 70/71 MP: 6/6
  3447 | D:4      | Reached skill level 5 in Shields
  3456 | D:4      | Reached skill level 5 in Unarmed Combat
  3483 | D:4      | Found a radiant altar of Vehumet.
  3927 | D:5      | Entered Level 5 of the Dungeon
  3954 | D:5      | Noticed Sigmund
  3957 | D:5      | Reached skill level 5 in Fighting
  3968 | D:5      | Killed Sigmund
  3969 | D:5      | Reached XP level 8. HP: 67/80 MP: 7/7
  4035 | D:5      | Found Qenigeam's Tiny Tomes.
  4044 | D:5      | Found a shimmering altar of Xom.
  4048 | D:5      | Noticed Menkaure
  4059 | D:5      | Killed Menkaure
  4060 | D:5      | Reached skill level 6 in Unarmed Combat
  4189 | D:5      | Found a white marble altar of Elyvilon.
  4233 | D:5      | Noticed Edmund
  4242 | D:5      | Killed Edmund
  4579 | D:5      | Found a runed translucent gate.
  4579 | D:5      | Found a runed translucent gate.
  4579 | D:5      | Found a runed translucent gate.
  4581 | D:5      | Noticed Jannitor's ghost (amateur TrGl)
  4581 | D:5      | Noticed Beaer's ghost (weakling OpDe)
  4582 | D:5      | Noticed Talonman3's ghost (novice DjFE)
  4582 | D:5      | Noticed wpisznazwe's ghost (weakling VSDe)
  4582 | D:5      | Noticed Heedrag's ghost (novice GrEE)
  4597 | D:5      | Killed Heedrag's ghost
  4612 | D:5      | Killed Jannitor's ghost
  4613 | D:5      | Reached skill level 7 in Unarmed Combat
  4613 | D:5      | Reached XP level 9. HP: 37/91 MP: 8/8
  4639 | D:4      | Killed Beaer's ghost
  4666 | D:4      | Killed wpisznazwe's ghost
  4677 | D:5      | Killed Talonman3's ghost
  4953 | D:6      | Reached skill level 8 in Unarmed Combat
  5123 | D:6      | Found a runed translucent door.
  5124 | D:6      | Noticed Crazy Yiuf
  5128 | D:6      | Killed Crazy Yiuf
  5293 | D:6      | Found a staircase to the Ecumenical Temple.
  5323 | Temple   | Entered the Ecumenical Temple
  5360 | Temple   | Became a worshipper of Qazlal Stormbringer
  5430 | D:6      | Reached XP level 10. HP: 99/102 MP: 9/9
  6008 | D:7      | Noticed Joseph
  6016 | D:7      | Killed Joseph
  6099 | D:7      | Reached skill level 9 in Unarmed Combat
  6102 | D:7      | Reached * piety under Qazlal
  6437 | D:7      | HP: 1/104 [electric eel/bolt of electricity (7)]
  6438 | D:7      | Killed from afar by an electric eel

Illustrated notes

Levels and vault maps discovered:
D:1:      minmay_arrival_stone_box, layout_loops_corners, serial_shops,
          nicolae_shop_crystal
D:2:      layout_loops_corners, chequers_serial_rivers_micro_b,
          wad_woods_river_04, minmay_domino_2, uniq_robin, uniq_natasha
D:3:      layout_rooms, evilmike_ruin_ashenzari, serial_shops, shop_coins,
          reono_crystal_passage, uniq_grinder, uniq_jessica
D:4:      layout_basic, vehumet_crystals, st_stairs_3, hex_intersection
D:5:      lemuel_ice_spiral_2, layout_basic, elyvilon_altar_1,
          kennysheep_mini_moat, gammafunk_ghost_cemetery, st_stairs_11,
          nicolae_shop_i_like_small_books_too, minmay_liquid_box, uniq_menkaure,
          uniq_sigmund, uniq_edmund
D:6:      layout_loops_cross, minmay_temple_entry_water_ring, kennysheep_boxes,
          uniq_crazy_yiuf_cottage
D:7:      layout_loops_corners, mainiacjoe_overflow_alcove_4, minmay_holes,
          nicolae_have_a_lightning_rod, uniq_joseph
Temple:   hellmonk_temple_forest_ring

Skill      XL: |  1  2  3  4  5  6  7  8  9 10 |
---------------+-------------------------------+-----
Shields        | 3 4 5 6 8 |  8.6
Fighting       | 3 4 5 6 7 8 |  8.0
Unarmed Combat | 3 4 5 7 8 9 |  9.1
Dodging        | |  2.4

Action                     |  1- 3 |  4- 6 |  7- 9 | 10-12 || total
---------------------------+-------+-------+-------+-------++-------
  Melee: Unarmed           |   106 |   160 |   250 |    70 ||   586
  Throw: Boomerang         |     1 |     7 |       |    15 ||    23
    Use: Potion            |       |     1 |     1 |     1 ||     3
         Scroll            |       |       |     5 |       ||     5
   Stab: Sleeping          |       |     1 |       |       ||     1
 Armour: Robe              |    51 |    39 |   133 |    62 ||   285
  Dodge: Dodged            |    40 |    24 |    56 |    10 ||   130
  Block: Kite shield       |    58 |    64 |   144 |    34 ||   300
         Reflection        |       |       |     2 |     2 ||     4

Table legend: (Time is in decaauts)
 A = Elapsed time spent in this place.
 B = Non-inter-level travel time spent in this place.
 C = Inter-level travel time spent in this place.
 D = Time resting spent in this place.
 E = Time spent auto-exploring this place.
 F = Levels seen in this place.
 G = Mean time per level.
                   A        B        C        D        E       F      G
               +--------+--------+--------+--------+--------+-----+--------+
         Total |   6451 |   5761 |    690 |    262 |   3680 |   8 |  806.4 |
       Dungeon |   6392 |   5722 |    670 |    262 |   3680 |   7 |  913.1 |
        Temple |     58 |     38 |     20 |      0 |      0 |   1 |   58.0 |
               +--------+--------+--------+--------+--------+-----+--------+

Top non-repeatable levels by time:
     D:2: 1555 daAuts
     D:5: 1047 daAuts
     D:1: 1015 daAuts
     D:6: 916 daAuts
     D:4: 800 daAuts
     D:3: 608 daAuts
     D:7: 448 daAuts
  Temple: 58 daAuts
